 Dungeon Crawl Stone Soup version 0.23.2-1-ga50397a (webtiles) character file.

Game seed: 13483128664652740036

233 Banzai the Insei (level 6, -1/38 HPs)
             Began as an Octopode Transmuter on May 31, 2019.
             Slain by a centaur skeleton (2 damage)
             ... on level 4 of the Dungeon.
             The game lasted 00:08:38 (3261 turns).

Banzai the Insei (Octopode Transmuter)              Turns: 3261, Time: 00:08:39

Health: -1/38      AC:  1    Str:  9    XL:     6   Next: 4%
Magic:  0/11       EV: 19    Int: 16    God:
Gold:   186        SH:  0    Dex: 19    Spells: 6/12 levels left

rFire    . . .     SeeInvis .     - Unarmed
rCold    . . .     Gourm    .   (no shield)
rNeg     . . .     Faith    .   (helmet restricted)
rPois    .         Spirit   +   h - amulet of guardian spirit
rElec    .         Reflect  .   (no ring)
rCorr    .         Harm     .   (no ring)
MR       .....                  (no ring)
Stlth    ++++......             (no ring)
HPRegen  0.12/turn              (no ring)
MPRegen  0.12/turn              (no ring)
                                (no ring)
                                (no ring)

@: agile, lethally poisoned (-1 -> -4), appendage (expiring)
A: almost no armour, stealthy swim, amphibious, 8 rings, constrict 8, tentacle
spike 3, camouflage 1, gelatinous body 1
a: End Transformation


You were on level 4 of the Dungeon.
You were not hungry.
One of your tentacles had a temporary spike.
You visited 1 branch of the dungeon, and saw 4 of its levels.

You collected 186 gold pieces.

Inventory:

Missiles
 a - 23 arrows
Jewellery
 h - an amulet of guardian spirit (around mantle)
Scrolls
 i - 2 scrolls of immolation
 j - 2 scrolls of identify {unknown}
 k - a scroll of noise {unknown}
 l - 2 scrolls of magic mapping {unknown}
 m - 5 scrolls of fear {unknown}
 n - a scroll of teleportation
Potions
 d - a potion of brilliance {unknown}
 e - 3 potions of flight {unknown}
 g - a potion of might {unknown}
 o - 2 potions of degeneration {unknown}
Comestibles
 b - 4 chunks of flesh
 c - 5 rations


   Skills:
 + Level 1.4 Fighting
 - Level 2.0 Dodging
 - Level 1.0 Stealth
 + Level 4.0 Unarmed Combat
 + Level 3.5 Spellcasting
 + Level 3.3 Transmutations
 * Level 2.2 Poison Magic


You had 6 spell levels left.
You knew the following spells:

 Your Spells              Type           Power        Failure   Level  Hunger
a - Beastly Appendage     Tmut           ##....       4%          1    None
b - Sticks to Snakes      Tmut           ##......     7%          2    ##.....
c - Spider Form           Tmut/Pois      ##........   17%         3    ###....

Your spell library contained the following spells:

 Spells                   Type           Power        Failure   Level  Hunger
 Ice Form                 Ice/Tmut       #.......     65%         4    ####...
 Blade Hands              Tmut           ##........   77%         5    ######.


Dungeon Overview and Level Annotations

Branches:
Dungeon (4/15)
 Temple: D:4-7

Altars:
Elyvilon
Ru

Annotations:
D:2 1 runed translucent door, Crazy Yiuf


Innate Abilities, Weirdness & Mutations

You cannot wear most types of armour.
You are very stealthy in the water. (Stealth+)
You are amphibious.
You can wear up to eight rings at the same time.
You can use your tentacles to constrict eight enemies at once.
Your skin changes colour to match your surroundings (Stealth+).
Your rubbery body absorbs attacks. (AC +1, EV +1)
One of your tentacles bears a large vicious spike.


Message History

Your experience leads to an increase in your attributes!
Increase (S)trength, (I)ntelligence, or (D)exterity?
You feel agile.
The centaur skeleton hits you but does no damage.
You feel agile all of a sudden.
You feel sick. The centaur skeleton hits you!
* * * LOW HITPOINT WARNING * * *
You tentacle-slap the centaur skeleton. x2
The centaur skeleton is moderately damaged.
The centaur skeleton misses you.
You tentacle-slap the centaur skeleton. x2
The centaur skeleton is heavily damaged.
You feel sick. The centaur skeleton hits you.
* * * LOW HITPOINT WARNING * * *
You tentacle-slap the centaur skeleton.
The centaur skeleton is severely damaged.
The centaur skeleton hits you.
* * * LOW HITPOINT WARNING * * *
The centaur skeleton hits you.
You die...

#.# ... ###.
...#.#######.#
........Z@...#
...#.#########


You could see a centaur skeleton.

Vanquished Creatures
  A howler monkey (D:3)
  A worker ant (D:4)
  4 gnolls
  5 adders
  A worm (D:2)
  4 dart slugs
  4 leopard geckos
  2 orcs (D:3)
  A giant cockroach (D:3)
  4 goblins
  14 hobgoblins
  10 jackals
  4 kobolds
  2 quokkas
  3 bats
  6 frilled lizards
  8 rats
74 creatures vanquished.

Vanquished Creatures (collateral kills)
  2 jackals (D:1)
2 creatures vanquished.

Vanquished Creatures (others)
  A quokka (D:3)
1 creature vanquished.

Grand Total: 77 creatures vanquished

Notes
Turn   | Place    | Note
-------+----------+-------------------------------------------
     0 | D:1      | Banzai the Octopode Transmuter began the quest for the Orb.
     0 | D:1      | Reached XP level 1. HP: 13/13 MP: 3/3
   229 | D:1      | Reached XP level 2. HP: 18/18 MP: 5/5
   233 | D:1      | Learned a level 2 spell: Sticks to Snakes
   603 | D:1      | Reached XP level 3. HP: 18/23 MP: 6/6
  1053 | D:2      | Learned a level 3 spell: Spider Form
  1539 | D:2      | Reached XP level 4. HP: 24/28 MP: 5/8
  1675 | D:2      | Found a runed translucent door.
  1676 | D:2      | Noticed Crazy Yiuf
  1825 | D:2      | Reached skill level 1 in Stealth
  2111 | D:2      | Reached skill level 1 in Poison Magic
  2238 | D:2      | Reached XP level 5. HP: 30/33 MP: 6/9
  2984 | D:3      | Found a sacrificial altar of Ru.
  3023 | D:3      | Reached skill level 4 in Unarmed Combat
  3200 | D:3      | Found a white marble altar of Elyvilon.
  3257 | D:4      | Reached XP level 6. HP: 14/38 MP: 4/11
  3261 | D:4      | HP: 1/38 [centaur skeleton (3)]
  3261 | D:4      | Slain by a centaur skeleton

Skill      XL: |  1  2  3  4  5 |
---------------+----------------+-----
Stealth        | 1 |  1.0
Spellcasting   | 3 |  3.5
Poison Magic   | 1 2 |  2.2
Transmutations | 3 |  3.3
Unarmed Combat | 4 |  4.0
Fighting       | |  1.4
Dodging        | |  2.0

Action                   |  1- 3 |  4- 6 || total
-------------------------+-------+-------++-------
Melee: Unarmed           |    91 |    91 ||   182
       Constrict         |    25 |    23 ||    48
       Tentacles         |    13 |    14 ||    27
       Kick              |    18 |    26 ||    44
       Punch             |     2 |     2 ||     4
 Cast: Beastly Appendage |    22 |    18 ||    40
       Sticks to Snakes  |     1 |     2 ||     3
       Spider Form       |       |     1 ||     1
  Use: Scroll            |     3 |       ||     3
       Potion            |       |     1 ||     1
 Stab: Sleeping          |     3 |     4 ||     7
  Eat: Chunk             |     2 |     6 ||     8
Armor: Skin              |     8 |    10 ||    18
Dodge: Dodged            |    48 |    60 ||   108
